 Dungeon Crawl Stone Soup version 0.30.0-10-gfe55d96785 (webtiles) character file.

Game seed: 213930980370439687

167170 sasquatch the Devastator (level 16, -4/134 HPs)
             Began as a Demigod Fire Elementalist on May 14, 2023.
             Shot with an arrow by a naga sharpshooter (21 damage)
             ... led by Vashnia
             ... on level 2 of the Snake Pit.
             The game lasted 01:22:42 (35957 turns).

sasquatch the Devastator (DgFE)                    Turns: 35957, Time: 01:22:43

Health: -4/134     AC:  7    Str:  9    XL:     16   Next: 51%
Magic:  3/35       EV: 17    Int: 43    God:
Gold:   559        SH:  6    Dex: 17    Spells: 9/35 levels left

rFire   + + .        s - staff of fire
rCold   . . .        E - +0 buckler
rNeg    + + .        a - +0 robe {rC+ rF+}
rPois   +            V - +1 hat
rElec   .            O - +1 cloak "Ketwott" {Rampage rPois rN+ Dex+3}
rCorr   .            (no gloves)
SInv    .            Z - +1 pair of boots of Paranoia {Int+2}
Will    ++...        B - amulet of magic regeneration
Stlth   ++           Y - ring of Eskeaproyqi {Fire Int+4}
HPRegen 0.42/turn    D - ring "Iroaxa" {rPois rF- rN+ Will+}
MPRegen 0.64/turn

%: rampage
@: very slightly contaminated
A: high MP 1, forlorn, divine attributes
}: 1/15 runes: decaying
a: no special abilities


You were on level 2 of the Snake Pit.
You visited 5 branches of the dungeon, and saw 22 of its levels.

You collected 2273 gold pieces.
You spent 1714 gold pieces at shops.

Inventory:

Hand Weapons
 k - a +0 dagger of venom
Armour
 a - a +0 robe of resistance (worn)
 w - a +1 robe of willpower
 E - a +0 buckler (worn)
 O - the +1 cloak "Ketwott" (worn) {Rampage rPois rN+ Dex+3}
   (You found it on level 3 of the Lair of Beasts)

   Dex:       It affects your dexterity (+3).
   rPois:     It protects you from poison.
   rN:        It protects you from negative energy.
   Rampage:   It bestows one free step when moving towards enemies.
 V - a +1 hat (worn)
 X - a +2 robe of the Archmagi
 Z - the +1 pair of boots of Paranoia (worn) {Int+2}
   (You found it on level 3 of the Swamp)

   Int:       It affects your intelligence (+2).
Magical Staves
 s - a staff of fire (weapon)
Jewellery
 B - an amulet of magic regeneration (around neck)
 D - the ring "Iroaxa" (right hand) {rPois rF- rN+ Will+}
   (You bought it in a shop on level 2 of the Orcish Mines)

   [ring of positive energy]

   rF:        It makes you vulnerable to fire.
   rPois:     It protects you from poison.
   rN:        It protects you from negative energy.
   Will:      It increases your willpower.
 H - a ring of willpower
 L - the amulet "Fiutommi" {Faith rPois rCorr}
   (You found it on level 2 of the Lair of Beasts)

   [amulet of faith]

   It allows you to gain divine favour quickly.
   rPois:     It protects you from poison.
   rCorr:     It protects you from acid and corrosion.
 R - a ring of protection from cold
 S - a ring of protection from fire
 Y - the ring of Eskeaproyqi (left hand) {Fire Int+4}
   (You bought it in a shop on level 2 of the Orcish Mines)

   [ring of fire]

   It enhances your fire magic.
   Int:       It affects your intelligence (+4).
   rF:        It protects you from fire.
   rC:        It makes you vulnerable to cold.
Wands
 m - a wand of digging (2)
 q - a wand of flame (79)
 u - a wand of light (22)
 y - a wand of iceblast (10)
 z - a wand of charming (15)
 C - a wand of mindburst (14)
 I - a wand of polymorph (32)
Scrolls
 c - 4 scrolls of fog
 d - 4 scrolls of amnesia
 i - 4 scrolls of blinking
 j - 8 scrolls of fear
 l - a scroll of poison
 n - 8 scrolls of teleportation
 t - 7 scrolls of magic mapping
 x - 3 scrolls of enchant weapon
 A - 2 scrolls of vulnerability
 G - a scroll of immolation
 M - 2 scrolls of summoning
 N - 4 scrolls of identify
 P - 3 scrolls of enchant armour
 U - 2 scrolls of brand weapon
 W - a scroll of torment
Potions
 b - a potion of magic
 e - 2 potions of invisibility
 f - 2 potions of haste
 g - 4 potions of lignification
 h - 2 potions of resistance
 o - 7 potions of attraction
 p - 4 potions of curing
 v - 3 potions of might
 F - a potion of heal wounds
 J - 3 potions of flight
 K - a potion of berserk rage
 Q - 4 potions of brilliance
 T - 2 potions of ambrosia
Miscellaneous
 r - a phantom mirror


   Skills:
 - Level 10.0 Fighting
 - Level 10.0 Dodging
 - Level 1.7 Stealth
 + Level 7.0 Shields
 - Level 10.0 Spellcasting
 - Level 18.0 Conjurations
 - Level 14.0 Fire Magic


You had 9 spell levels left.
You knew the following spells:

 Your Spells              Type           Power      Damage    Failure   Level
a - Foxfire               Conj/Fire      100%       2x1d9     0%          1
b - Scorch                Fire           100%       2d9       0%          2
c - Inner Flame           Hex/Fire       100%       N/A       1%          3
d - Volatile Blastmotes   Fire/Tloc      100%       2d18      1%          3
e - Flame Wave            Conj/Fire      100%       2d21      1%          4
f - Starburst             Conj/Fire      75%        6d19      1%          6
g - Orb of Destruction    Conj           54%        9d14      1%          7

Your spell library contained the following spells:

 Spells                   Type           Power      Damage    Failure   Level
 Dazzling Flash           Conj/Hex       100%       N/A       1%          3
 Fulminant Prism          Conj/Hex       39%        3d17      1%          4
 Iskenderun's Mystic Bla  Conj/Tloc      78%        2d16      1%          4
 Call Canine Familiar     Summ           21%        N/A       6%          3
 Portal Projectile        Hex/Tloc       42%        N/A       6%          3
 Summon Guardian Golem    Hex/Summ       21%        N/A       6%          3
 Leda's Liquefaction      Hex/Erth       10%        N/A       19%         4
 Spellforged Servitor     Conj/Summ      39%        N/A       38%         7
 Alistair's Intoxication  Tmut/Pois      14%        N/A       47%         5
 Borgnjor's Vile Clutch   Necr/Erth      10%        N/A       47%         5
 Lee's Rapid Deconstruct  Erth           10%        3d8*      47%         5
 Summon Forest            Summ/Tloc      10%        N/A       47%         5
 Yara's Violent Unravell  Hex/Tmut       10%        3d6       47%         5
 Eringya's Noxious Bog    Tmut/Pois      10%        N/A       96%         6
 Enfeeble                 Hex            10%        N/A       100%        7
 Summon Hydra             Summ           10%        N/A       100%        7


Dungeon Overview and Level Annotations

Branches:
Dungeon (9/15)             Temple (0/1) D:7            Lair (5/5) D:8
  Swamp (4/4) Lair:3        Snake (2/4) Lair:3        Slime (0/5) Lair:5
    Orc (2/2) D:9             Elf (0/3) Orc:2

Shops:
D:1 *   D:2 ?   D:3 (   D:8 *   Orc:2 (==!

Annotations:
D:7 exclusion: ice statue
Lair:1 1 runed translucent door, Keadol's ghost, journeyman DrCj
Lair:4 2 transporters, Zaegoraum's ghost, journeyman DsAK
Snake:2 Azrael
Orc:1 2 transporters, Sucvi's ghost, journeyman MiFi


Innate Abilities, Weirdness & Mutations

You have an increased reservoir of magic. (+10% MP)
You shall have no god before yourself.
Your divine heritage dramatically boosts your attributes as you level up.


Message History

You blink.
Unknown command.
Okay, then.
Casting: Orb of Destruction (dangerous; 1% risk of failure)
Confirm with . or Enter, or press ? or * to list all spells.
Okay, then.
Aiming: Bolt of Light
Press: ? - help, Shift-Dir - straight line, f - naga sharpshooter, p - Vashnia
Aim: a naga sharpshooter, wielding a +0 shortbow (71% to hit)
The bolt of light misses Vashnia.
The bolt of light hits the naga sharpshooter.
The naga sharpshooter is lightly wounded.
The naga sharpshooter is blinded.
Vashnia casts a spell.
Vashnia magically shoots an arrow.
The arrow hits you!
* * * LOW HITPOINT WARNING * * *
The naga sharpshooter shoots an arrow.
The arrow misses Vashnia.
The arrow barely misses you.
Unknown command.
Casting: Starburst (mildly dangerous; 1% risk of failure)
Press: ? - help, Q - select action, (/) - cycle Dir - look around, f - activate You feel a strong surge of power!
The bolt of fire hits Vashnia!!!
You kill Vashnia!
The bolt of fire hits the naga sharpshooter!!
The naga sharpshooter is heavily wounded.
The naga sharpshooter spits poison at you.
The splash of poison hits you but does no damage.
You are poisoned.
You resist.
Your Shields skill increases to level 7!
Unknown command.
You feel sick.
You feel sick.
You feel better.
The naga sharpshooter shoots an arrow.
The arrow hits you!!
* * * LOW HITPOINT WARNING * * *
The naga sharpshooter gestures wildly while chanting.
The naga sharpshooter magically shoots an arrow.
The arrow hits you!!
You die...

#....##.##....##
##<...##)###.#.######
#....###.###.#.#.†.###
#.....#####.#N...##..##
##....# ##)####.....#
##....# ##.N#####...#
##....###....## ##.##
#...##..?...# ###
#.....@.....##
#............#
##..:.....)..##
#............##
##............#
##...........##
##...........#
##..........##
##..........####


You could see 2 naga sharpshooters.

Vanquished Creatures
  Vashnia (Snake:2)
  Mlioglotl (Swamp:4)
  Asterion (Snake:1)
  7 thorn hunters
  Kirke (Lair:3)
  Gastronok (D:9)
  A fenstrider witch (Swamp:2)
  Roxanne (Snake:2)
  Aizul (Snake:2)
  8 eleionomae
  2 vampire knights (Swamp:4)
  3 bunyips
  5 shambling mangroves
  A salamander tyrant (Snake:2)
  Erolcha (Orc:2)
  2 ogre magi (Orc:2)
  15 hydras
  2 boulder beetles
  A ghost crab (Swamp:2)
  A catoblepas (Lair:4)
  7 alligators
  4 anacondas (Snake:1)
  A two-headed ogre (Orc:1)
  9 death yaks
  Erica (Lair:1)
  4 naga warriors
  An orc high priest (Orc:2)
  3 shock serpents
  Sonja (Lair:5)
  6 naga sharpshooters
  7 swamp dragons
  5 spriggan druids
  4 goliath frogs
  2 naga ritualists (Snake:1)
  A spectral hydra (Swamp:4)
  A death drake (Swamp:4)
  A bog body (Lair:3)
  An orc knight (Orc:2)
  A phantasmal warrior (Swamp:4)
  Pikel (D:4)
  10 orc sorcerers
  A wolf spider (Lair:5)
  4 oklob plants
  A cyclops (Orc:2)
  8 salamanders
  6 will-o-the-wisps
  7 mana vipers
  17 elephants
  24 black mambas
  3 guardian serpents
  7 naga magi
  14 cane toads
  2 rime drakes
  A kobold demonologist (D:7)
  9 komodo dragons
  Psyche (D:9)
  2 freezing wraiths (Swamp:4)
  2 trolls (Orc:1)
  4 hydra zombies (Swamp:4)
  7 tyrant leeches
  4 bloated husks
  A polar bear (Lair:2)
  5 death drake zombies (Swamp:4)
  19 hornets
  11 blink frogs
  A hydra skeleton (Swamp:4)
  A dream sheep (D:9)
  Sigmund (D:6)
  11 wyverns
  5 spriggans
  51 yaks
  2 fire elementals (Snake:1)
  5 basilisks
  A hog (Lair:3)
  2 redbacks (Lair:5)
  9 vampire mosquitoes
  24 nagas
  Menkaure (D:6)
  A warg (Orc:2)
  14 swamp worms
  22 water moccasins
  3 hell hounds (Snake:2)
  Duvessa (D:7)
  5 hydra simulacra (Swamp:4)
  5 swamp drakes
  4 black bears
  3 ice beasts
  2 swamp dragon zombies (Swamp:4)
  3 ogres
  14 wolves
  17 orc warriors
  4 centaurs
  4 kobold brigands
  A phantom (D:6)
  10 bullfrogs
  2 scorpions
  4 wights
  Dowan (D:7)
  The ghost of dolemite99 the Ruffian, a weakling TrNe (D:4)
  An oklob sapling (Swamp:3)
  An electric eel (Lair:4)
  4 howler monkeys
  A jelly (D:8)
  5 hounds
  12 orc priests
  A gnoll bouda (D:6)
  Ijyb (D:5)
  4 iguanas
  3 hell rats
  38 orc wizards
  12 gnolls
  2 river rats (D:8)
  12 adders
  2 worms (D:3)
  74 orcs
  11 ball pythons
  6 endoplasms
  5 giant cockroaches
  10 goblins
  5 hobgoblins
  10 jackals
  5 quokkas
  3 bats
  A frilled lizard (D:1)
  30 kobolds
  8 rats
  A butterfly (Lair:4)
790 creatures vanquished.

Vanquished Creatures (collateral kills)
  3 foxfires
3 creatures vanquished.

Vanquished Creatures (others)
  4 dream sheep (D:9)
  A human (Lair:3)
  An orc (Orc:1)
  953 foxfires
959 creatures vanquished.

Grand Total: 1752 creatures vanquished

Notes
Turn   | Place    | Note
-------+----------+-------------------------------------------
     0 | D:1      | sasquatch the Demigod Fire Elementalist began the quest for
                  | the Orb.
     0 | D:1      | Reached XP level 1. HP: 14/14 MP: 5/5
    47 | D:1      | Reached skill level 1 in Conjurations
   265 | D:1      | Found Booduyn's General Store.
   372 | D:1      | Reached XP level 2. HP: 14/20 MP: 0/7
   807 | D:1      | Learned a level 2 spell: Scorch
  1316 | D:2      | Reached XP level 3. HP: 26/26 MP: 3/8
  1322 | D:2      | Reached skill level 2 in Conjurations
  1497 | D:2      | Found Quappo's Magic Scroll Boutique.
  1549 | D:2      | Bought a scroll of blinking for 90 gold pieces
  1560 | D:2      | Reached XP level 4. HP: 33/33 MP: 6/10
  2217 | D:2      | Reached XP level 5. HP: 37/38 MP: 6/11
  2446 | D:2      | Reached skill level 3 in Conjurations
  2543 | D:2      | Learned a level 3 spell: Inner Flame
  2547 | D:2      | Learned a level 3 spell: Volatile Blastmotes
  2864 | D:3      | Found Vyafo's Weapon Boutique.
  3857 | D:3      | Reached skill level 5 in Spellcasting
  3857 | D:3      | Reached skill level 7 in Conjurations
  3857 | D:3      | Reached XP level 6. HP: 45/45 MP: 12/17
  3863 | D:3      | Learned a level 4 spell: Flame Wave
  4025 | D:1      | Bought a scroll of teleportation for 33 gold pieces
  4631 | D:4      | Found a runed translucent gate.
  4632 | D:4      | Found a runed translucent gate.
  4633 | D:4      | Found a runed translucent gate.
  4640 | D:4      | Noticed dolemite99's ghost (weakling TrNe)
  5073 | D:4      | Noticed Pikel
  5080 | D:4      | Killed Pikel
  5081 | D:4      | Reached skill level 8 in Conjurations
  5081 | D:4      | Reached XP level 7. HP: 42/50 MP: 6/18
  5249 | D:4      | Killed dolemite99's ghost
  5389 | D:5      | Entered Level 5 of the Dungeon
  5594 | D:5      | Reached XP level 8. HP: 57/57 MP: 13/20
  5890 | D:5      | Noticed Ijyb
  5896 | D:5      | Killed Ijyb
  6275 | D:6      | Noticed Sigmund
  6280 | D:6      | Killed Sigmund
  6427 | D:6      | Noticed Menkaure
  6436 | D:6      | Killed Menkaure
  6979 | D:6      | Reached XP level 9. HP: 62/62 MP: 15/21
  7523 | D:6      | Reached skill level 9 in Conjurations
  7764 | D:7      | Found a staircase to the Ecumenical Temple.
  7765 | D:7      | Noticed Duvessa
  7767 | D:7      | Noticed Dowan
  7777 | D:7      | Killed Dowan
  7778 | D:7      | Killed Duvessa
  8242 | D:7      | Noticed an ice statue
  9129 | D:7      | Noticed a kobold demonologist
  9134 | D:7      | Killed a kobold demonologist
  9383 | D:8      | Noticed a death yak
  9383 | D:8      | Noticed a death yak
  9519 | D:2      | Bought a scroll of identify for 24 gold pieces
  9519 | D:2      | Bought a scroll of teleportation for 36 gold pieces
  9519 | D:2      | Bought a scroll of identify for 24 gold pieces
  9519 | D:2      | Bought a scroll of identify for 24 gold pieces
  9519 | D:2      | Bought a scroll of identify for 24 gold pieces
  9519 | D:2      | Bought a scroll of teleportation for 36 gold pieces
  9650 | D:8      | Noticed a death yak
  9665 | D:7      | Killed a death yak
  9802 | D:8      | Reached skill level 10 in Fire Magic
 10366 | D:8      | Found a staircase to the Lair.
 10560 | D:8      | Killed a death yak
 10561 | D:8      | Reached skill level 10 in Conjurations
 10561 | D:8      | Reached XP level 10. HP: 66/69 MP: 11/23
 10896 | D:8      | Found Orood's General Store.
 10902 | D:8      | Bought 2 scrolls of identify for 48 gold pieces
 10902 | D:8      | Bought 2 scrolls of fear for 96 gold pieces
 11063 | Lair:1   | Entered Level 1 of the Lair of Beasts
 11207 | Lair:1   | Learned a level 6 spell: Starburst
 11227 | Lair:1   | HP: 1/69 [komodo dragon (22)]
 11711 | Lair:1   | Noticed Erica
 11722 | Lair:1   | Killed Erica
 11737 | Lair:1   | Reached XP level 11. HP: 63/74 MP: 1/26
 11938 | Lair:1   | Found a runed translucent door.
 11938 | Lair:1   | Noticed Keadol's ghost (journeyman DrCj)
 11938 | Lair:1   | Noticed a four-headed hydra
 12421 | Lair:2   | Reached skill level 11 in Conjurations
 12891 | Lair:2   | Identified the amulet "Fiutommi" {Faith rPois rCorr}
 13460 | Lair:3   | Reached skill level 12 in Conjurations
 13675 | Lair:3   | Identified the +1 cloak "Ketwott" {Rampage rPois rN+ Dex+3}
 13811 | Lair:3   | Noticed Kirke
 13815 | Lair:3   | Killed Kirke
 13816 | Lair:3   | Reached XP level 12. HP: 81/81 MP: 11/29
 13923 | Lair:3   | Found a staircase to the Snake Pit.
 13984 | Lair:3   | Found a staircase to the Swamp.
 14217 | Lair:3   | You fall into a shaft and drop 1 floor!
 14238 | Lair:4   | Noticed a catoblepas
 14648 | Lair:4   | Reached skill level 13 in Conjurations
 14717 | Lair:4   | Killed a catoblepas
 14811 | Lair:4   | Noticed an eight-headed hydra
 14821 | Lair:4   | Killed an eight-headed hydra
 14893 | Lair:4   | Noticed a boulder beetle
 14902 | Lair:4   | Killed a boulder beetle
 15194 | Lair:4   | Noticed Zaegoraum's ghost (journeyman DsAK)
 15200 | Lair:4   | Found a transporter.
 15207 | Lair:4   | Found a transporter.
 15533 | Lair:5   | Entered Level 5 of the Lair of Beasts
 15706 | Lair:5   | Reached skill level 10 in Spellcasting
 15745 | Lair:5   | Reached skill level 14 in Conjurations
 15801 | Lair:5   | Found a staircase to the Slime Pits.
 15916 | Lair:5   | Noticed a boulder beetle
 15922 | Lair:5   | Killed a boulder beetle
 16064 | Lair:5   | Reached XP level 13. HP: 79/86 MP: 8/31
 16065 | Lair:5   | Reached skill level 5 in Dodging
 16247 | Lair:5   | Noticed Sonja
 16254 | Lair:5   | Killed Sonja
 16650 | Lair:5   | Reached skill level 1 in Fighting
 17204 | Lair:5   | Reached skill level 5 in Fighting
 17689 | D:9      | Identified the staff of poison "Huhom" {rPois Str+3}
 17867 | D:9      | Noticed Gastronok
 17870 | D:9      | Noticed Psyche
 17872 | D:9      | Killed Gastronok
 17876 | D:9      | Killed Psyche
 18234 | D:9      | Found a staircase to the Orcish Mines.
 18591 | Orc:1    | Entered Level 1 of the Orcish Mines
 18783 | Orc:1    | Found a transporter.
 18788 | Orc:1    | Found a transporter.
 18788 | Orc:1    | Noticed Sucvi's ghost (journeyman MiFi)
 19062 | Orc:2    | Entered Level 2 of the Orcish Mines
 19062 | Orc:2    | Noticed Erolcha
 19066 | Orc:2    | Killed Erolcha
 19293 | Orc:2    | Found a staircase to the Elven Halls.
 19365 | Orc:2    | Found Ofroeniw's Jewellery Boutique.
 19379 | Orc:2    | Reached XP level 14. HP: 115/115 MP: 11/32
 19448 | Orc:2    | Bought the ring of Eskeaproyqi {Fire Int+4} for 606 gold
                  | pieces
 19500 | Orc:2    | Found Idim's Distillery.
 19543 | Orc:2    | Bought a potion of magic for 128 gold pieces
 19543 | Orc:2    | Bought a potion of curing for 48 gold pieces
 19543 | Orc:2    | Bought a potion of heal wounds for 80 gold pieces
 20117 | Orc:2    | Found Tumer's Jewellery Boutique.
 20246 | Orc:2    | Found Eqaolyla's Antique Weapon Shop.
 20377 | Orc:1    | Learned a level 7 spell: Orb of Destruction
 20512 | Swamp:1  | Entered Level 1 of the Swamp
 21692 | Swamp:1  | Reached skill level 15 in Conjurations
 22967 | Swamp:2  | Noticed a fenstrider witch
 22974 | Swamp:2  | Killed a fenstrider witch
 23122 | Swamp:2  | Paralysed by a hornet for 3 turns
 24426 | Swamp:3  | Noticed a thorn hunter
 24531 | Swamp:3  | Killed a thorn hunter
 24975 | Swamp:3  | Reached XP level 15. HP: 97/121 MP: 8/33
 24997 | Swamp:3  | Noticed a thorn hunter
 25001 | Swamp:3  | Reached skill level 16 in Conjurations
 25201 | Swamp:3  | Killed a thorn hunter
 25515 | Swamp:3  | Identified the +1 pair of boots of Paranoia {Int+2}
 26102 | Swamp:3  | Noticed a thorn hunter
 26106 | Swamp:3  | Killed a thorn hunter
 26247 | Swamp:3  | Noticed a thorn hunter
 26250 | Swamp:3  | Killed a thorn hunter
 26447 | Swamp:4  | Entered Level 4 of the Swamp
 26786 | Swamp:4  | Reached skill level 17 in Conjurations
 27269 | Swamp:4  | Noticed Mlioglotl
 27374 | Swamp:4  | Killed Mlioglotl
 28564 | Swamp:4  | Reached skill level 18 in Conjurations
 29014 | Swamp:4  | Reached skill level 1 in Shields
 29967 | Swamp:4  | Noticed a thorn hunter
 29973 | Swamp:4  | Killed a thorn hunter
 30027 | Swamp:4  | Noticed a thorn hunter
 30043 | Swamp:4  | Killed a thorn hunter
 30240 | Swamp:4  | Noticed a thorn hunter
 30247 | Swamp:4  | Killed a thorn hunter
 30644 | Swamp:4  | Got a decaying rune of Zot
 30866 | Orc:2    | Bought the ring "Iroaxa" {rPois rF- rN+ Will+} for 417 gold
                  | pieces
 31053 | Snake:1  | Entered Level 1 of the Snake Pit
 31259 | Snake:1  | Noticed Asterion
 31750 | Snake:2  | Reached XP level 16. HP: 132/132 MP: 23/35
 31835 | Snake:2  | Noticed Roxanne
 32034 | Snake:2  | Noticed Aizul
 32041 | Snake:2  | Killed Aizul
 32234 | Snake:2  | Noticed Vashnia
 33070 | Snake:2  | Noticed Azrael
 33743 | Snake:1  | Reached skill level 5 in Shields
 34031 | Snake:1  | Killed Asterion
 35024 | Snake:2  | Reached skill level 10 in Dodging
 35031 | Snake:2  | Reached skill level 10 in Fighting
 35940 | Snake:2  | Killed Roxanne
 35953 | Snake:2  | Killed Vashnia
 35957 | Snake:2  | Shot with an arrow by a naga sharpshooter

Illustrated notes

Levels and vault maps discovered:
D:1:      lemuel_arrival_cross, layout_loops_ring, serial_shops,
          nicolae_shop_trees
D:2:      layout_loops_corners, serial_shops, shop, minmay_snake_closets
D:3:      layout_loops_corners, serial_shops, nicolae_shop_rolling_square,
          grunt_ministairs_3
D:4:      layout_rooms, lemuel_doored_altar, mainiacjoe_overflow_catwalk,
          ebering_ghost_gozag, st_stairs_8, kennysheep_small_spiral,
          grunt_ministairs_5, minmay_goblin_kobold_house, uniq_pikel
D:5:      layout_basic, uniq_ijyb
D:6:      layout_cave_pods, minmay_stone_trees_small, uniq_menkaure,
          uniq_sigmund
D:7:      lemuel_ice_statue, layout_loops_ring, nicolae_uskayaw_dance_hall,
          amcnicky_altar_gilded, mainiacjoe_overflow_two_lobes,
          minmay_temple_entry_tees, uniq_duvessa, uniq_maggie
D:8:      layout_basic, okawaru_altar_gauntlet_db, dpeg_lair_monsters,
          serial_shops, shop
D:9:      layout_irregular_city, kb_xom_exploding_sheep,
          minmay_orc_entry_temple_small, uniq_gastronok, uniq_psyche
Lair:1:   layout_hall_layers, ebering_ghost_inner_flame, uniq_erica
Lair:2:   layout_regular_city, grunt_megastairs_3
Lair:3:   layout_misc_corridors, skrybe_swamp_entry_bodies,
          nicolae_snake_entry_squirm, grunt_megastairs_4, uniq_kirke
Lair:4:   layout_loops_ring, gammafunk_ghost_wrathful_warriors, basic_altar,
          minmay_hedge_maze, lemuel_fruit_fields, infiniplex_staircase_pool,
          lemuel_fruit_tree
Lair:5:   hangedman_lair_tendril_chambers, layout_long_grid, slime_entry_1,
          uniq_sonja
Swamp:1:  layout_basic_swamp, nicolae_swamp_oxbows
Swamp:2:  layout_basic_swamp, evilmike_swamp_ruin_wall
Swamp:3:  nicolae_swamp_phyte_club, layout_basic_swamp,
          evilmike_swamp_ruin_house_5
Swamp:4:  byrel_swamp_growth_death_and_undeath, layout_basic_swamp,
          uniq_mlioglotl
Snake:1:  layout_chambers, uniq_asterion
Snake:2:  layout_onion_interference, nicolae_snake_shapes, uniq_vashnia,
          uniq_roxanne, uniq_aizul, uniq_azrael
Orc:1:    layout_caves, gammafunk_ghost_arena
Orc:2:    kennysheep_orc_mage_school, layout_caves, basic_altar, uniq_erolcha

Skill      XL: |  1  2  3  4  5  6  7  8  9 10 11 12 13 14 15 16 |
---------------+-------------------------------------------------+-----
Conjurations   | 1 2 7 8 10 12 14 15 18 | 18.0
Fire Magic     | 3 4 8 9 10 11 12 14 | 14.0
Spellcasting   | 2 5 6 7 8 10 | 10.0
Dodging        | 4 8 9 10 | 10.0
Fighting       | 8 9 10 | 10.0
Shields        | 3 7 |  7.0
Stealth        | |  1.7

Action                     |  1- 3 |  4- 6 |  7- 9 | 10-12 | 13-15 | 16-18 || total
---------------------------+-------+-------+-------+-------+-------+-------++-------
  Melee: Unarmed           |     5 |       |       |       |       |       ||     5
         Dagger            |     5 |     1 |       |       |       |       ||     6
         Staff             |       |       |     1 |     1 |    13 |       ||    15
   Cast: Foxfire           |    58 |   102 |   255 |   141 |     5 |       ||   561
         Scorch            |     3 |    38 |    44 |    46 |     5 |       ||   136
         Flame Wave        |       |     2 |    14 |    11 |     1 |       ||    28
         Volatile Blastmot |       |       |     2 |     1 |       |     2 ||     5
         Starburst         |       |       |       |    85 |   418 |    51 ||   554
         Orb of Destructio |       |       |       |       |    61 |    61 ||   122
  Evoke: Wand              |       |       |       |       |     1 |     2 ||     3
    Use: Scroll            |       |     7 |     5 |    12 |    11 |     2 ||    37
         Potion            |       |     2 |     2 |     3 |     2 |     3 ||    12
 Armour: Robe              |     4 |     4 |     5 |    19 |    71 |     8 ||   111
         Leather armour    |       |       |    20 |    13 |       |       ||    33
  Dodge: Dodged            |     8 |    19 |    30 |    47 |   195 |    34 ||   333
  Block: Buckler           |       |       |       |       |     6 |    19 ||    25
